General information
- name: BNet
- type: Ladder team game (AT/RT)
- host: Battle.net
- saver: HUIsCheating
map: TurtleRock
- players: 4
- length: 25:41
- speed: Fast
- version: 1.21 W3XP
- replay type: Public
» download(247 KB)
Players
team 1 (loser)
xT-dK. (
green | 245 APM | 6257 actions | 25:30)
6 Far Seer
3 Feral Spirit
3 Chain Lighting
3 Pandaren Brewmaster
2 Breath of Fire
1 Drunken Haze
» actions
| Assign group hotkey | 539 | |
| Basic commands | 149 | |
| Build / train | 90 | |
| ESC pressed | 2 | |
| Enter build submenu | 12 | |
| Enter hero's abilities submenu | 9 | |
| Give item / drop item | 3 | |
| Right click | 2239 | |
| Select / deselect | 679 | |
| Select group hotkey | 2356 | |
| Use ability | 179 | |
6257 total
» units
| Peon | 13 | |
| Grunt | 15 | |
| Raider | 5 | |
| Spirit Walker | 5 | |
| Troll Batrider | 16 | |
54 total
» upgrades
| Berserker Strength | 1 | |
| Ensnare | 1 | |
2 total
» buildings
| Altar of Storms | 1 | |
| Orc Burrow | 6 | |
| Barracks | 1 | |
| Stronghold | 1 | |
| Voodoo Lounge | 1 | |
| Beastiary | 1 | |
| Spirit Lodge | 1 | |
12 total
» build order
00:06 Altar of Storms
00:16 Orc Burrow
00:37 Barracks
01:25 Orc Burrow
02:43 Stronghold
03:45 Orc Burrow
03:46 Voodoo Lounge
05:48 Beastiary
08:02 Spirit Lodge
08:03 Orc Burrow
11:01 Orc Burrow
14:04 Orc Burrow
» items
| Healing Salve | 4 | |
| Lesser Clarity Potion | 3 | |
| Scroll of Speed | 2 | |
| Scroll of Town Portal | 2 | |
| Scroll of Healing | 1 | |
| Potion of Invisibility | 1 | |
| Potion of Healing | 1 | |
14 total
xT.Gon (
purple | 148 APM | 3805 actions | 25:40)
4 Archmage
2 Summon Water Elemental
2 Brilliance Aura
4 Pandaren Brewmaster
2 Breath of Fire
2 Drunken Haze
» actions
| Assign group hotkey | 59 | |
| Basic commands | 258 | |
| Build / train | 80 | |
| ESC pressed | 1 | |
| Enter build submenu | 15 | |
| Enter hero's abilities submenu | 8 | |
| Give item / drop item | 4 | |
| Remove unit from queue | 2 | |
| Right click | 1358 | |
| Select / deselect | 646 | |
| Select group hotkey | 1237 | |
| Use ability | 137 | |
3805 total
» units
| Peasant | 9 | |
| Footman | 13 | |
| Sorceress | 3 | |
| Priest | 1 | |
| Spell Breaker | 11 | |
37 total
» upgrades
| Defend | 1 | |
| Sorceress Training | 1 | |
2 total
» buildings
| Altar of Kings | 1 | |
| Farm | 8 | |
| Barracks | 1 | |
| Scout Tower | 1 | |
| Arcane Tower | 5 | |
| Keep | 5 | |
| Arcane Vault | 1 | |
| Arcane Sanctum | 2 | |
| Town Hall | 1 | |
25 total
» build order
00:05 Altar of Kings
00:18 Farm
00:19 Barracks
00:49 Farm
01:33 Scout Tower
01:57 Farm
02:02 Arcane Tower
02:03 Arcane Tower
02:03 Arcane Tower
02:03 Arcane Tower
03:11 Keep
03:11 Keep
03:12 Keep
03:12 Keep
03:47 Arcane Vault
03:51 Farm
04:13 Farm
05:52 Arcane Sanctum
05:54 Arcane Sanctum
13:46 Farm
14:04 Farm
16:13 Farm
19:19 Town Hall
» items
| Scroll of Regeneration | 3 | |
| Lesser Clarity Potion | 2 | |
| Scroll of Town Portal | 3 | |
| Potion of Healing | 2 | |
| Potion of Lesser Invulnerability | 2 | |
| Scroll of Healing | 3 | |
| Boots of Speed | 1 | |
| Scroll of Protection | 1 | |
17 total
team 2 (winner)
HUIsCheating (
red | 192 APM | 4941 actions | 25:41)
4 Archmage
2 Summon Water Elemental
2 Brilliance Aura
3 Mountain King
2 Storm Bolt
1 Thunder Clap
» actions
| Assign group hotkey | 86 | |
| Basic commands | 512 | |
| Build / train | 81 | |
| ESC pressed | 3 | |
| Enter build submenu | 19 | |
| Enter hero's abilities submenu | 7 | |
| Give item / drop item | 3 | |
| Right click | 2077 | |
| Select / deselect | 635 | |
| Select group hotkey | 1444 | |
| Use ability | 74 | |
4941 total
» units
| Peasant | 17 | |
| Footman | 22 | |
| Sorceress | 2 | |
| Priest | 5 | |
| Spell Breaker | 5 | |
| Rifleman | 10 | |
61 total
» upgrades
| Priest Training | 1 | |
| Long Rifles | 1 | |
2 total
» buildings
| Altar of Kings | 1 | |
| Farm | 9 | |
| Barracks | 1 | |
| Scout Tower | 1 | |
| Arcane Tower | 1 | |
| Lumber Mill | 1 | |
| Arcane Vault | 2 | |
| Keep | 2 | |
| Arcane Sanctum | 1 | |
| Blacksmith | 1 | |
| Town Hall | 1 | |
21 total
» build order
00:03 Altar of Kings
00:21 Farm
00:22 Barracks
00:39 Farm
01:41 Farm
01:55 Scout Tower
02:44 Arcane Tower
04:01 Lumber Mill
04:03 Arcane Vault
05:09 Keep
05:19 Farm
07:05 Arcane Vault
08:16 Arcane Sanctum
13:23 Farm
13:38 Farm
14:17 Farm
14:48 Farm
15:18 Blacksmith
15:50 Farm
17:14 Town Hall
20:37 Keep
» items
| Scroll of Regeneration | 1 | |
| Scroll of Town Portal | 2 | |
| Potion of Healing | 2 | |
5 total
ZERGisCheating (
yellow | 223 APM | 5729 actions | 25:40)
5 Death Knight
3 Death Coil
2 Unholy Aura
4 Lich
2 Frost Nova
2 Frost Armor
3 Crypt Lord
2 Impale
1 Spiked Carapace
» actions
| Assign group hotkey | 24 | |
| Basic commands | 407 | |
| Build / train | 66 | |
| Enter build submenu | 13 | |
| Enter hero's abilities submenu | 12 | |
| Give item / drop item | 7 | |
| Remove unit from queue | 1 | |
| Right click | 2308 | |
| Select / deselect | 570 | |
| Select group hotkey | 2146 | |
| Use ability | 174 | |
5729 total
» units
| Acolyte | 3 | |
| Ghoul | 4 | |
| Crypt Fiend | 10 | |
| Obsidian Statue | 10 | |
27 total
» upgrades
| Creature Attack | 2 | |
| Burrow | 1 | |
| Destroyer Form | 1 | |
| Creature Carapace | 1 | |
| Web | 1 | |
6 total
» buildings
| Crypt | 1 | |
| Graveyard | 1 | |
| Ziggurat | 6 | |
| Altar of Darkness | 1 | |
| Tomb of Relics | 1 | |
| Halls of the Dead | 1 | |
| Slaughterhouse | 1 | |
| Black Citadel | 1 | |
13 total
» build order
00:05 Crypt
00:32 Graveyard
00:36 Ziggurat
00:55 Altar of Darkness
01:35 Tomb of Relics
01:52 Ziggurat
03:49 Halls of the Dead
04:46 Ziggurat
05:27 Ziggurat
08:26 Slaughterhouse
08:28 Black Citadel
09:24 Ziggurat
13:40 Ziggurat
» items
| Rod of Necromancy | 2 | |
| Potion of Mana | 3 | |
| Orb of Corruption | 1 | |
| Scroll of Town Portal | 2 | |
| Scroll of Protection | 3 | |
| Scroll of Healing | 1 | |
| Potion of Healing | 1 | |
| Potion of Lesser Invulnerability | 1 | |
14 total
Chat log
(00:13 / Allies) HUIsCheating: first loss here we come!
(00:54 / Allies) HUIsCheating: 9-1 solo
(00:58 / Allies) ZERGisCheating: :<
(01:03 / Allies) HUIsCheating: its ok tom we got far
(01:11 / Allies) ZERGisCheating: IT SHALL NOT END HERE
(01:13 / Allies) HUIsCheating: lol
(03:48 / Allies) HUIsCheating: ..fuck
(03:55 / Allies) ZERGisCheating: what
(04:06 / Allies) HUIsCheating: lost like 5 peasants
(05:39 / Allies) HUIsCheating: gay
(06:32 / Allies) ZERGisCheating: fs
(09:05 / Allies) HUIsCheating: dead
(10:05 / Allies) HUIsCheating: its over
(11:37 / Allies) HUIsCheating: rofl..
(12:36 / Allies) HUIsCheating: panda
(13:46 / Allies) HUIsCheating: kill?
(13:49 / Allies) ZERGisCheating: no
(15:58 / Allies) ZERGisCheating: focus pandas
(16:00 / Allies) HUIsCheating: ok
(16:25 / Allies) HUIsCheating: tp?
(16:27 / Allies) ZERGisCheating: walk
(17:10 / Allies) HUIsCheating: ...
(18:52 / Allies) ZERGisCheating: get another tp
(19:03 / Allies) HUIsCheating: need gold
(19:17 / Allies) HUIsCheating: ok
(21:35 / Allies) ZERGisCheating: play defensively
(24:56 / Allies) HUIsCheating: comin
(25:29 / All) xT-dK.: GG
(25:36 / All) ZERGisCheating: gg
(25:36 / All) HUIsCheating: gg